 Dungeon Crawl Stone Soup version 0.29.1-2-gbd0b4ee654 (webtiles) character file.

Game seed: 865916508680254905

2633 Firos the Destroyer (level 9, -13/45 HPs)
             Began as a Deep Elf Conjurer on Nov 16, 2022.
             Was an Initiate of Vehumet.
             Mangled by an orc warrior
             ... wielding a +0 war axe
              (18 damage)
             ... in a bailey.
             The game lasted 00:14:50 (8270 turns).

Firos the Destroyer (Deep Elf Conjurer)             Turns: 8270, Time: 00:14:51

Health: -13/45     AC:  4    Str:  4    XL:     9   Next: 35%
Magic:  16/23      EV: 11    Int: 28    God:    Vehumet [......]
Gold:   312        SH:  0    Dex: 13    Spells: 2/24 levels left

rFire   . . .      SeeInvis .   t - +2 flail (protect)
rCold   . . .      Faith    .   (no shield)
rNeg    + . .      Spirit   .   o - +0 leather armour {rN+}
rPois   .          Reflect  .   (helmet restricted)
rElec   .          Harm     .   n - +0 cloak
rCorr   .          Rampage  .   (no gloves)
Will    +....      Clarity  +   (no boots)
Stlth   ++........              (no amulet)
HPRegen 0.95/turn               h - ring of willpower
MPRegen 0.18/turn               (no ring)

@: swift, very quick
A: horns 1, clarity, regeneration 1
a: Renounce Religion


You were in a bailey.
You worshipped Vehumet.
Vehumet was noncommittal.
You visited 2 branches of the dungeon, and saw 8 of its levels.
You also visited: Bailey.

You collected 312 gold pieces.

Inventory:

Hand Weapons
 t - a +2 flail of protection (weapon)
Armour
 k - a +1 helmet
 n - a +0 cloak (worn)
 o - a +0 leather armour of positive energy (worn)
 y - a +0 buckler
Magical Staves
 C - a staff of air
Jewellery
 h - a ring of willpower (left hand)
Wands
 l - a wand of light (8)
 A - a wand of paralysis (8)
Scrolls
 c - a scroll of noise
 d - a scroll of enchant weapon {unknown}
 e - a scroll of fear {unknown}
 f - a scroll of magic mapping {unknown}
 g - a scroll of teleportation {unknown}
 p - a scroll of vulnerability {unknown}
 q - a scroll of immolation {unknown}
 r - a scroll of butterflies {unknown}
 s - a scroll of acquirement {unknown}
 B - a scroll of summoning {unknown}
 E - a scroll of amnesia {unknown}
Potions
 a - 2 potions of berserk rage
 i - a potion of haste
 j - a potion of brilliance
 m - a potion of resistance
 u - 4 potions of curing
 v - a potion of mutation
 w - a potion of heal wounds
 x - a potion of cancellation
 D - 2 potions of flight


   Skills:
 - Level 2.4 Dodging
 - Level 2.4 Stealth
 + Level 8.4 Spellcasting
 * Level 10.4 Conjurations
 * Level 3.0 Ice Magic
 + Level 3.8 Air Magic
 - Level 5.6 Earth Magic


You had 2 spell levels left.
You knew the following spells:

 Your Spells              Type           Power      Damage    Failure   Level
a - Magic Dart            Conj           100%       1d8       1%          1
b - Searing Ray           Conj           100%       2d8       1%          2
c - Stone Arrow           Conj/Erth      100%       3d13      1%          3
d - Fulminant Prism       Conj/Hex       20%        3d13      10%         4
e - Iskenderun's Mystic   Conj/Tloc      40%        2d9       10%         4
f - Swiftness             Air            33%        N/A       5%          3
g - Freezing Cloud        Conj/Ice/Air   22%        6-21      22%         5

Your spell library contained the following spells:

 Spells                   Type           Power      Damage    Failure   Level
 Sandblast                Erth           86%        2d18      1%          1
 Freeze                   Ice            100%       1d11      2%          1
 Passwall                 Tmut/Erth      22%        N/A       4%          2
 Ensorcelled Hibernation  Hex/Ice        40%        N/A       7%          2
 Necrotise                Necr           44%        1d6       9%          1
 Dazzling Flash           Conj/Hex       80%        N/A       3%          3
 Mephitic Cloud           Conj/Pois/Air  38%        N/A       3%          3
 Hailstorm                Conj/Ice       49%        3d11      5%          4
 Frozen Ramparts          Ice            56%        1d9       8%          3
 Ignite Poison            Fire/Tmut/Pois 11%        N/A       26%         3
 Vampiric Draining        Necr           11%        2d6       26%         3
 Agony                    Necr           11%        N/A       93%         5


Dungeon Overview and Level Annotations

Branches:
Dungeon (7/15)             Temple (1/1) D:6          Bailey (1/1)

Altars:
Cheibriados
Dithmenos
Elyvilon
Gozag
Hepliaklqana
Kikubaaqudgha
Makhleb
Nemelex Xobeh
Okawaru
Sif Muna
Trog
Vehumet
Wu Jian
Zin
The Shining One

Shops:
D:3 [


Innate Abilities, Weirdness & Mutations

You have a pair of small horns on your head.
You possess an exceptional clarity of mind.
Your natural rate of healing is unusually fast.


Message History

Confirm with . or Enter, or press ? or * to list all spells.
The spell is extremely dangerous to miscast (22% risk of failure)!
Continue anyway?
Aiming: Freezing Cloud (extremely dangerous; 22% risk of failure)
Press: ? - help, Dir - move target, f/p - orc warrior
Aim: an orc warrior, wielding a +0 battleaxe and wearing a +0 plate armour You miscast Freezing Cloud.
Electricity courses through your body!
You feel sick.
Unknown command.
Okay, then.
You close the door.
You feel sick.
You are no longer poisoned.
Something unseen breaks down the door.
The orc warrior sings a few bars from the Orcish anthem.
There is an open gate here.
You see here 3 poisoned darts.
Magic courses through your body.
Your magical contamination has completely faded away.
There is an open gate here.
There is a gate leading back out of this place here.
Casting: Freezing Cloud (extremely dangerous; 22% risk of failure)
Confirm with . or Enter, or press ? or * to list all spells.
You feel quick.
Casting: Swiftness (dangerous; 5% risk of failure)
Confirm with . or Enter, or press ? or * to list all spells.
The spell is extremely dangerous to miscast (22% risk of failure)!
Continue anyway?
Aiming: Freezing Cloud (extremely dangerous; 22% risk of failure)
Press: ? - help, Dir - move target, p - orc warrior That beam is likely to hit you.
Continue anyway?
The orc warrior is engulfed in freezing vapours. x2
The orc warrior hits you with a +0 war axe!
Unknown command.
The orc warrior is engulfed in freezing vapours. x2
The orc warrior hits you with a +0 war axe!
Unknown command.
The orc warrior is engulfed in freezing vapours.
The orc warrior hits you with a +0 battleaxe!!
* * * LOW HITPOINT WARNING * * *
The orc warrior is engulfed in freezing vapours.
The orc warrior hits you with a +0 war axe!!
You die...

#....~(.....(.~~..
#####~~.(.....~~##
##~....((.~##
####..)#### #oo.#
#§§§# #§§§#
##oo§## ##)(@..##
#.......#
#...∩...#
##.....## #######


You could see 4 orc warriors.

Vanquished Creatures
  Pikel (D:6)
  Sigmund (D:3)
  Edmund (D:5)
  A water moccasin (D:5)
  A sky beast (D:7)
  A black bear (D:6)
  3 lemures (D:6)
  A phantom (D:5)
  5 kobold brigands
  2 bullfrogs
  A necrophage (D:4)
  A scorpion (D:5)
  2 jellies
  8 hounds
  2 orc priests (D:6)
  Ijyb (D:5)
  Jessica (D:3)
  3 iguanas
  Terence (D:3)
  Natasha (thrice) (D:4)
  5 orc wizards
  Robin (D:3)
  3 gnolls
  3 adders
  A shadow imp (D:6)
  A white imp (D:6)
  An ufetubus (D:6)
  2 dart slugs (D:1)
  21 orcs
  8 ball pythons
  4 bats
  5 endoplasms
  3 giant cockroaches
  12 goblins
  23 hobgoblins
  4 jackals (D:5)
  18 kobolds
  5 quokkas
  8 frilled lizards
  5 rats
173 creatures vanquished.

Vanquished Creatures (others)
  5 fulminant prisms
  15 plants (D:6)
20 creatures vanquished.

Grand Total: 193 creatures vanquished

Notes
Turn   | Place    | Note
-------+----------+-------------------------------------------
     0 | D:1      | Firos the Deep Elf Conjurer began the quest for the Orb.
     0 | D:1      | Reached XP level 1. HP: 10/10 MP: 6/6
   211 | D:1      | Reached XP level 2. HP: 15/15 MP: 6/8
   250 | D:1      | Learned a level 2 spell: Searing Ray
   425 | D:1      | Found a faded altar of an unknown god.
   542 | D:1      | Reached skill level 5 in Conjurations
   974 | D:1      | Reached XP level 3. HP: 3/19 MP: 3/10
  1336 | D:2      | Learned a level 3 spell: Stone Arrow
  1606 | D:2      | Identified the +5 spear "Bapapnaj" {holy, Dex+4}
  1816 | D:2      | Reached XP level 4. HP: 24/24 MP: 8/12
  1821 | D:2      | Learned a level 4 spell: Fulminant Prism
  1969 | D:2      | Reached skill level 1 in Earth Magic
  2143 | D:3      | Noticed Robin
  2236 | D:3      | Found Woesuink's Armour Shop.
  2288 | D:3      | Noticed Sigmund
  2294 | D:3      | Killed Sigmund
  2295 | D:3      | Reached skill level 5 in Spellcasting
  2295 | D:3      | Reached skill level 6 in Conjurations
  2295 | D:3      | Reached XP level 5. HP: 28/28 MP: 3/14
  2468 | D:3      | Reached XP level 6. HP: 32/32 MP: 12/15
  2473 | D:3      | Learned a level 4 spell: Iskenderun's Mystic Blast
  2549 | D:3      | Noticed Terence
  2555 | D:3      | Killed Terence
  2818 | D:3      | Killed Robin
  3394 | D:3      | Noticed Jessica
  3396 | D:3      | Killed Jessica
  3633 | D:4      | Reached skill level 7 in Conjurations
  3727 | D:4      | Gained mutation: Your natural rate of healing is unusually
                  | fast. [potion of mutation]
  3727 | D:4      | Gained mutation: You have a pair of small horns on your
                  | head. [potion of mutation]
  3727 | D:4      | Gained mutation: You possess an exceptional clarity of
                  | mind. [potion of mutation]
  4122 | D:4      | Reached XP level 7. HP: 36/36 MP: 7/17
  4402 | D:4      | Noticed Natasha
  4407 | D:4      | Killed Natasha
  4609 | D:4      | Noticed Natasha
  4610 | D:4      | Killed Natasha
  4651 | D:4      | Found a bloodstained altar of Trog.
  4651 | D:4      | Noticed Natasha
  4655 | D:4      | Killed Natasha
  4820 | D:4      | Found a hazy altar of Hepliaklqana.
  4933 | D:5      | Entered Level 5 of the Dungeon
  4939 | D:5      | Reached skill level 8 in Conjurations
  5175 | D:5      | Learned a level 3 spell: Swiftness
  5404 | D:5      | Reached skill level 1 in Air Magic
  5469 | D:5      | Reached XP level 8. HP: 41/41 MP: 10/20
  5568 | D:5      | Noticed Ijyb
  5577 | D:5      | Killed Ijyb
  5838 | D:5      | Noticed Edmund
  5844 | D:5      | Killed Edmund
  5845 | D:5      | Reached skill level 9 in Conjurations
  6231 | D:6      | Noticed Pikel
  6369 | D:6      | Killed Pikel
  6370 | D:6      | Reached skill level 5 in Earth Magic
  6671 | D:6      | Reached XP level 9. HP: 45/45 MP: 16/22
  6677 | D:6      | Learned a level 5 spell: Freezing Cloud
  6783 | D:6      | Reached skill level 10 in Conjurations
  6795 | D:6      | Reached skill level 1 in Ice Magic
  7115 | D:6      | Found a staircase to the Ecumenical Temple.
  7125 | Temple   | Entered the Ecumenical Temple
  7289 | Temple   | Became a worshipper of Vehumet
  7321 | D:6      | Found a white marble altar of Elyvilon.
  7630 | D:6      | Identified the +1 chain mail of Iconaammy {Str+4}
  7964 | D:7      | Found a flagged portal.
  8007 | Bailey   | Entered a bailey
  8270 | Bailey   | Mangled by an orc warrior

Illustrated notes

Levels and vault maps discovered:
D:1:      amcnicky_arrival_underground_garden, layout_loops_ring,
          chequers_ecumenical_altar_simple
D:2:      layout_loops_ring
D:3:      layout_basic, serial_shops, shop, uniq_jessica, uniq_robin,
          uniq_sigmund, uniq_terence
D:4:      layout_loops_ring, nzn_hepliaklqana_mist_gate, lightli_temple_of_fire,
          dreamdust_princess_bridge, uniq_natasha
D:5:      layout_rooms, kennysheep_donut, kennysheep_nub, uniq_edmund, uniq_ijyb
D:6:      corexii_shack_village, layout_loops_ring,
          nicolae_elyvilon_temple_path, minmay_temple_entry_tees,
          minmay_misc_feat_rows, st_stairs_3, uniq_pikel
D:7:      layout_basic, lemuel_doored_altar, enter_bailey_5
Temple:   hellmonk_temple_flake
Bailey:   bailey_axe_3, bailey

Skill      XL: |  1  2  3  4  5  6  7  8  9 |
---------------+----------------------------+-----
Conjurations   | 5 6 7 8 9 10 | 10.4
Spellcasting   | 4 5 6 7 8 |  8.4
Earth Magic    | 2 3 4 5 |  5.6
Air Magic      | 1 3 |  3.8
Ice Magic      | 3 |  3.0
Dodging        | |  2.4
Stealth        | |  2.4

Action                   |  1- 3 |  4- 6 |  7- 9 || total
-------------------------+-------+-------+-------++-------
Melee: Flail             |       |       |    12 ||    12
       Headbutt          |       |       |     6 ||     6
 Cast: Magic Dart        |    67 |    89 |    86 ||   242
       Searing Ray       |     1 |       |       ||     1
       Stone Arrow       |     2 |    22 |    82 ||   106
       Iskenderun's Myst |       |       |     2 ||     2
       Fulminant Prism   |       |       |     5 ||     5
       Freezing Cloud    |       |       |     4 ||     4
       Swiftness         |       |       |     1 ||     1
Evoke: Wand              |       |       |     2 ||     2
  Use: Scroll            |       |     5 |     6 ||    11
       Potion            |       |     1 |     1 ||     2
 Stab: Paralysed         |       |       |     8 ||     8
Armor: Robe              |     1 |       |       ||     1
       Leather armour    |       |     4 |    15 ||    19
Dodge: Dodged            |     6 |     2 |    25 ||    33
